 Dungeon Crawl Stone Soup version 0.28-a0-664-gc179e30c89 (webtiles) character file.

Game seed: 10128770835112548438

16 jasper the Skirmisher (level 2, 0/24 HPs)
             Began as a Demonspawn Cinder Acolyte on Oct 16, 2021.
             Was a High Priest of Ignis.
             Slain by a bat (1 damage)
             ... on level 1 of the Dungeon.
             The game lasted 00:00:59 (857 turns).

jasper the Skirmisher (Demonspawn Cinder Acolyte)    Turns: 857, Time: 00:00:59

Health: 0/24       AC:  2    Str: 14    XL:     2   Next: 41%
Magic:  3/3        EV: 11    Int: 15    God:    Ignis [*****.]
Gold:   22         SH:  4    Dex:  8    Spells: 3/3 levels left

rFire   + . .      SeeInvis .   c - +1 dagger (drain)
rCold   . . .      Faith    .   (no shield)
rNeg    . . .      Spirit   .   b - +0 robe
rPois   .          Reflect  .   (no helmet)
rElec   .          Harm     .   (no cloak)
rCorr   .          Rampage  .   (no gloves)
Will    .....                   (no boots)
Stlth   +.........              (no amulet)
HPRegen 0.08/turn               (no ring)
MPRegen 0.08/turn               (no ring)

@: no status effects
A: condensation shield
a: Renounce Religion, Sea of Fire, Foxfire Swarm, Rising Flame


You were on level 1 of the Dungeon.
You worshipped Ignis.
Ignis was extremely pleased with you.
You visited 1 branch of the dungeon, and saw 1 of its levels.

You collected 22 gold pieces.

Inventory:

Hand Weapons
 a - a -1 spear of flaming
 c - a +1 dagger of draining (weapon)
Missiles
 d - 6 stones (quivered)
Armour
 b - a +0 robe (worn)
Scrolls
 f - 3 scrolls of identify {unknown}
Potions
 e - 3 potions of magic {unknown}


   Skills:
 + Level 3.2 Fighting
 - Level 2.6 Polearms
 + Level 1.0 Armour
 + Level 1.0 Dodging
 - Level 1.0 Spellcasting
 - Level 2.6 Fire Magic


You had 3 spell levels left.
You didn't know any spells.
Your spell library contained the following spells:

 Spells                   Type           Power      Damage    Failure   Level
 Scorch                   Fire           16%        2d5       12%         2


Dungeon Overview and Level Annotations

Branches:
Dungeon (1/15)

Altars:


Innate Abilities, Weirdness & Mutations

A meltable shield of frost defends you. (SH +4)


Message History

You take 3 damage, and have 12/24 hp.
You hit the dart slug. You drain the dart slug.
The dart slug is almost dead.
The giant cockroach bites you. The dart slug launches a dart at you.
The slug dart hits you.
* * * LOW HITPOINT WARNING * * *
The bat barely misses you. The frilled lizard closely misses you.
You take 5 damage, and have 7/24 hp.
MASSIVE DAMAGE!!
You hit the dart slug.
You kill the dart slug!
The bat hits you but does no damage.
The giant cockroach bites you but does no damage.
The frilled lizard bites you but does no damage.
Your Armour skill increases to level 1!
Your Dodging skill increases to level 1!
You hit the bat but do no damage. The bat hits you.
* * * LOW HITPOINT WARNING * * *
The bat closely misses you. The giant cockroach closely misses you.
The giant cockroach bites you but does no damage.
The frilled lizard barely misses you.
You take 1 damage, and have 6/24 hp.
You miss the bat. The bat hits you but does no damage.
The giant cockroach bites you but does no damage.
The frilled lizard bites you.
* * * LOW HITPOINT WARNING * * *
You take 3 damage, and have 3/24 hp.
You closely miss the frilled lizard. The giant cockroach bites you.
* * * LOW HITPOINT WARNING * * *
The bat hits you but does no damage. The frilled lizard misses you.
You take 1 damage, and have 2/24 hp.
The bat barely misses you. The frilled lizard bites you.
* * * LOW HITPOINT WARNING * * *
Things that are here:
a scroll labelled UFATAQ OSATAGH; 14 gold pieces; a hobgoblin corpse You take 1 damage, and have 1/24 hp.
The bat hits you.
* * * LOW HITPOINT WARNING * * *
The bat hits you.
You die...

..#..#..#..#..#..#)..#
.....................#
####################.#
#..# ##.## #######
#..# .##.....####.##
.........##†.#
..........@.##
.........b###
........?B#####
.........l....#
..............#
.>............#
................
.!#............. #
#.............


You could see a giant cockroach, a bat and a frilled lizard.

Vanquished Creatures
  2 dart slugs (D:1)
  2 bats (D:1)
  A giant cockroach (D:1)
  A goblin (D:1)
  A hobgoblin (D:1)
  2 jackals (D:1)
  2 kobolds (D:1)
11 creatures vanquished.

Vanquished Creatures (others)
  14 plants (D:1)
14 creatures vanquished.

Grand Total: 25 creatures vanquished

Notes
Turn   | Place    | Note
-------+----------+-------------------------------------------
     0 | D:1      | jasper the Demonspawn Cinder Acolyte began the quest for
                  | the Orb.
     0 | D:1      | Reached XP level 1. HP: 18/18 MP: 2/2
   791 | D:1      | Gained mutation: A meltable shield of frost defends you.
                  | (SH +4) [demonic ancestry]
   791 | D:1      | Reached XP level 2. HP: 24/24 MP: 3/3
   852 | D:1      | Reached skill level 1 in Armour
   852 | D:1      | Reached skill level 1 in Dodging
   855 | D:1      | HP: 1/24 [frilled lizard (1)]
   857 | D:1      | Slain by a bat

Illustrated notes

Levels and vault maps discovered:
D:1:      eino_arrival_cavern_a, layout_rooms, minmay_misc_feat_pillars,
          minmay_misc_feat_room, st_stairs_13, columned_hall_lemuel,
          serial_bayou_lagoon_b

Skill      XL: |  1  2 |
---------------+-------+-----
Armour         | 1 |  1.0
Dodging        | 1 |  1.0
Fighting       | |  3.2
Polearms       | |  2.6
Spellcasting   | |  1.0
Fire Magic     | |  2.6

Action                   || total
-------------------------++-------
Melee: Spear             ||    18
       Dagger            ||    29
Armor: Robe              ||    10
Dodge: Dodged            ||    31
Block: Other             ||     3

Table legend: (Time is in decaauts)
 A = Elapsed time spent in this place.
 B = Non-inter-level travel time spent in this place.
 C = Inter-level travel time spent in this place.
 D = Time resting spent in this place.
 E = Time spent auto-exploring this place.
 F = Levels seen in this place.
 G = Mean time per level.
                   A        B        C        D        E       F      G
               +--------+--------+--------+--------+--------+-----+--------+
         Total |    867 |    867 |      0 |    535 |    227 |   1 |  867.0 |
       Dungeon |    867 |    867 |      0 |    535 |    227 |   1 |  867.0 |
               +--------+--------+--------+--------+--------+-----+--------+

Top non-repeatable levels by time:
     D:1: 867 daAuts
